 Dungeon Crawl Stone Soup version 0.29-a0-923-g6e406bff71 (webtiles) character file.

Game seed: 1577492406941370791

509 jlumianski the Chiller (level 6, -1/42 HPs)
             Began as a Demonspawn Ice Elementalist on July 27, 2022.
             Was an Initiate of Okawaru.
             Slain by Edmund
             ... wielding a +2 flail of holy wrath
              (9 damage)
             ... on level 3 of the Dungeon.
             The game lasted 00:20:09 (4314 turns).

jlumianski the Chiller (DsIE)                       Turns: 4314, Time: 00:20:09

Health: -1/42      AC:  8    Str:  9    XL:     6   Next: 98%
Magic:  12/21      EV: 12    Int: 18    God:    Okawaru [......]
Gold:   118        SH:  0    Dex: 13    Spells: 6/14 levels left

rFire   . . .      SeeInvis .   j - +1 hand axe (freeze)
rCold   . . .      Faith    .   (no shield)
rNeg    . . .      Spirit   .   k - +0 leather armour
rPois   .          Reflect  .   (no helmet)
rElec   .          Harm     .   i - +0 cloak
rCorr   .          Rampage  .   n - +0 pair of gloves
Will    .....                   v - +2 pair of boots
Stlth   ++........              (no amulet)
HPRegen 0.14/turn               h - ring of magical power
MPRegen 0.17/turn               (no ring)

@: freezing walls
A: claws 1, foul stench 1, spiny 1
a: Renounce Religion


You were on level 3 of the Dungeon.
You worshipped Okawaru.
Okawaru was noncommittal.
You visited 1 branch of the dungeon, and saw 4 of its levels.

You collected 118 gold pieces.

Inventory:

Hand Weapons
 j - a +1 hand axe of freezing (weapon)
 l - a +0 short sword
Missiles
 c - 38 stones
 f - 9 poisoned darts (quivered)
Armour
 a - a +0 robe
 i - a +0 cloak (worn)
 k - a +0 leather armour (worn)
 n - a +0 pair of gloves (worn)
 v - a +2 pair of boots (worn)
Magical Staves
 p - a staff of poison
Jewellery
 h - a ring of magical power (left hand)
 m - a ring of ice
Wands
 o - a wand of polymorph (11)
 u - a wand of mindburst (14)
Scrolls
 d - a scroll of enchant armour {unknown}
 g - 2 scrolls of identify {unknown}
 r - a scroll of blinking {unknown}
 s - 3 scrolls of noise {unknown}
 t - a scroll of enchant weapon {unknown}
Potions
 b - 2 potions of magic
 e - a potion of curing
 q - a potion of lignification {unknown}
 w - 2 potions of haste {unknown}


   Skills:
 + Level 0.8 Fighting
 + Level 0.1 Axes
 + Level 1.5 Armour
 + Level 2.4 Dodging
 + Level 2.0 Stealth
 + Level 4.5 Spellcasting
 * Level 2.2 Conjurations
 + Level 5.0 Ice Magic


You had 6 spell levels left.
You knew the following spells:

 Your Spells              Type           Power      Damage    Failure   Level
a - Freeze                Ice            88%        1d10      2%          1
b - Frozen Ramparts       Ice            44%        1d6       7%          3
c - Magic Dart            Conj           48%        1d5       8%          1
d - Ozocubu's Armour      Ice            22%        N/A       7%          3

Your spell library contained the following spells:

 Spells                   Type           Power      Damage    Failure   Level
 Mephitic Cloud           Conj/Pois/Air  6%         N/A       38%         3
 Hailstorm                Conj/Ice       17%        3d6       38%         4
 Call Imp                 Summ           Unusable   N/A       N/A         2

Dungeon Overview and Level Annotations

Branches:
Dungeon (4/15)
 Temple: D:4-7

Altars:
Okawaru
Ru

Annotations:
D:3 Edmund


Innate Abilities, Weirdness & Mutations

You have sharp fingernails.
You may rarely emit foul miasma when damaged in melee.
You are partially covered in sharp spines.


Message History

You freeze Edmund.
Edmund is moderately wounded.
The wall freezes Edmund.
Edmund hits you with a +2 flail of holy wrath.
You convulse.
You completely miss Edmund.
Edmund is heavily wounded.
The frozen ramparts melt away.
Edmund mutters, "Who needs spells, anyway?"
Edmund closely misses you.
Casting: Freeze (safe; 2% risk of failure)
Confirm with . or Enter, or press ? or * to list all spells.
Casting: Frozen Ramparts (dangerous; 7% risk of failure)
Press: ? - help, Dir - look around, f - activate The walls around you are covered in ice.
The wall freezes Edmund.
Edmund is struck by your spines. Edmund barely misses you.
You closely miss Edmund.
Edmund is heavily wounded.
The wall freezes Edmund.
Edmund is struck by your spines.
Edmund hits you with a +2 flail of holy wrath.
* * * LOW HITPOINT WARNING * * *
You convulse!
* * * LOW HITPOINT WARNING * * *
It was a potion of curing.
You feel better.
The wall freezes Edmund.
Edmund hits you with a +2 flail of holy wrath.
* * * LOW HITPOINT WARNING * * *
You convulse.
* * * LOW HITPOINT WARNING * * *
Your magical contamination has completely faded away.
Casting: Frozen Ramparts (dangerous; 7% risk of failure)
Confirm with . or Enter, or press ? or * to list all spells.
Aiming: Freeze (safe; 2% risk of failure)
Press: ? - help, Shift-Dir - straight line, f - Edmund
Aim: Edmund, wielding a +2 flail of holy wrath and wearing a +2 scale mail of fire resistance (severely wounded)
You freeze Edmund.
Edmund is severely wounded.
The wall freezes Edmund.
Edmund hits you with a +2 flail of holy wrath!
You die...

.........##.# #)# #.# #.##.###.#
.........##.## #.# #.# #.##.# #.#
.........##..###'###># #....###'#
.#.........#.##......######.###_+
.#..........................###'#
.##........##.......#######.# #.#
.#<........##.......# #.###.#
....##'#######......# #......
.......# #..@...# #.#.#.#
.......# #.#@#### #.....#
###+##.##### #...# #.#####
...........# #...# #.#
#..........# #...####### #.#
#..........# #..>......# #.#
...........###.........# #.#
.............#.........# #.#
.######......#.........# #.#


You could see Edmund.

Vanquished Creatures
  Sigmund (D:2)
  Pargi (D:3)
  2 orc priests
  Natasha (twice) (D:2)
  5 gnolls
  6 adders
  An adder zombie (D:2)
  An adder skeleton (D:2)
  A dart slug (D:3)
  8 orcs
  4 ball pythons
  4 bats
  3 endoplasms
  A giant cockroach (D:1)
  3 goblins
  4 hobgoblins
  A quokka (D:4)
  2 frilled lizards (D:1)
  2 kobolds
  5 rats
57 creatures vanquished.

Vanquished Creatures (others)
  6 plants (D:1)
  8 withered plants (D:2)
14 creatures vanquished.

Grand Total: 71 creatures vanquished

Notes
Turn   | Place    | Note
-------+----------+-------------------------------------------
     0 | D:1      | jlumianski the Demonspawn Ice Elementalist began the quest
                  | for the Orb.
     0 | D:1      | Reached XP level 1. HP: 13/13 MP: 3/3
   365 | D:2      | Noticed Sigmund
   493 | D:1      | Discovered your monstrous ancestry.
   493 | D:1      | Gained mutation: You have sharp fingernails. [demonic
                  | ancestry]
   493 | D:1      | Reached XP level 2. HP: 19/19 MP: 3/5
   644 | D:1      | Found a faded altar of an unknown god.
   649 | D:1      | Reached skill level 4 in Ice Magic
   935 | D:2      | Reached XP level 3. HP: 9/24 MP: 2/7
  1215 | D:1      | Learned a level 3 spell: Frozen Ramparts
  1217 | D:1      | Learned a level 1 spell: Magic Dart
  1868 | D:2      | Gained mutation: You are partially covered in sharp spines.
                  | [demonic ancestry]
  1868 | D:2      | Reached XP level 4. HP: 15/30 MP: 8/8
  1872 | D:2      | Learned a level 3 spell: Ozocubu's Armour
  2200 | D:3      | Found a sacrificial altar of Ru.
  2509 | D:2      | Killed Sigmund
  2510 | D:2      | Reached skill level 1 in Conjurations
  2510 | D:2      | Gained mutation: You may rarely emit foul miasma when
                  | damaged in melee. [demonic ancestry]
  2510 | D:2      | Reached XP level 5. HP: 24/36 MP: 10/10
  2729 | D:2      | Reached skill level 1 in Armour
  2874 | D:2      | Reached XP level 6. HP: 35/42 MP: 12/12
  2942 | D:2      | Noticed Natasha
  2950 | D:2      | Killed Natasha
  3253 | D:2      | Noticed Natasha
  3263 | D:2      | Killed Natasha
  3540 | D:3      | Found an iron altar of Okawaru.
  3631 | D:3      | Became a worshipper of Warmaster Okawaru
  3683 | D:4      | Noticed Edmund
  3790 | D:4      | Noticed Pargi
  3845 | D:3      | Killed Pargi
  3846 | D:3      | Reached skill level 5 in Ice Magic
  4314 | D:3      | Slain by Edmund

Illustrated notes

Levels and vault maps discovered:
D:1:      wander_arrival_peaceful_grave, layout_loops_ring,
          dilly_ecumenical_altar_fadedgnrine, serial_glass, glass_columns_b,
          glass_columns_b, minivault_24
D:2:      layout_loops_ring, serial_undead, serial_undead_f, serial_undead_f,
          serial_undead_e, serial_undead_f, basic_altar,
          minmay_misc_feat_square, uniq_natasha, uniq_sigmund
D:3:      layout_basic, mainiacjoe_overflow_chevrons, lemuel_doored_altar,
          kennysheep_generic_room_2
D:4:      minmay_angry_zag, layout_loops_ring, minmay_temple_entry_arrows,
          uniq_edmund, uniq_pargi

Skill      XL: |  1  2  3  4  5  6 |
---------------+-------------------+-----
Ice Magic      | 4 5 |  5.0
Spellcasting   | 3 4 |  4.5
Stealth        | 2 |  2.0
Conjurations   | 1 2 |  2.2
Dodging        | 2 |  2.4
Armour         | 1 |  1.5
Fighting       | |  0.8
Axes           | |  0.1

Action                   |  1- 3 |  4- 6 || total
-------------------------+-------+-------++-------
Melee: Unarmed           |     6 |       ||     6
       Hand axe          |       |    28 ||    28
       Punch             |       |     1 ||     1
Throw: Dart              |     3 |       ||     3
 Cast: Freeze            |    31 |     2 ||    33
       Frozen Ramparts   |     5 |    22 ||    27
       Magic Dart        |       |     7 ||     7
       Ozocubu's Armour  |       |     6 ||     6
  Use: Potion            |       |     1 ||     1
Armor: Robe              |     3 |       ||     3
       Leather armour    |       |    21 ||    21
Dodge: Dodged            |    20 |    38 ||    58

Table legend: (Time is in decaauts)
 A = Elapsed time spent in this place.
 B = Non-inter-level travel time spent in this place.
 C = Inter-level travel time spent in this place.
 D = Time resting spent in this place.
 E = Time spent auto-exploring this place.
 F = Levels seen in this place.
 G = Mean time per level.
                   A        B        C        D        E       F      G
               +--------+--------+--------+--------+--------+-----+--------+
         Total |   4349 |   4264 |     85 |   1100 |   1909 |   4 | 1087.2 |
       Dungeon |   4349 |   4264 |     85 |   1100 |   1909 |   4 | 1087.2 |
               +--------+--------+--------+--------+--------+-----+--------+

Top non-repeatable levels by time:
     D:2: 1923 daAuts
     D:3: 1366 daAuts
     D:1: 1028 daAuts
     D:4: 31 daAuts
